 Dungeon Crawl Stone Soup version 0.23.0-42-geed6394480 (console) character file.

Game seed: 6607057478138636663

6 Bombe the Magician (level 1, 0/13 HPs)
             Began as a Merfolk Wizard on Mar 1, 2019.
             Slain by a leopard gecko (1 damage)
             ... on level 1 of the Dungeon.
             The game lasted 00:10:49 (730 turns).

Bombe the Magician (Merfolk Wizard)                  Turns: 730, Time: 00:10:50

Health: 0/13       AC:  2    Str:  7    XL:     1   Next: 90%
Magic:  1/4        EV: 13    Int: 17    God:
Gold:   0          SH:  0    Dex: 12    Spells: 5/6 levels left

rFire    . . .     SeeInvis .   i - +0 hunting sling
rCold    . . .     Gourm    .   (no shield)
rNeg     . . .     Faith    .   a - +0 robe
rPois    .         Spirit   .   b - +0 hat
rElec    .         Reflect  .   (no cloak)
rCorr    .         Harm     .   (no gloves)
MR       .....                  (no boots)
Stlth    ++........             (no amulet)
HPRegen  0.04/turn              (no ring)
MPRegen  0.09/turn              (no ring)

@: no status effects
A: change form in water, swift swim, stealthy swim
a: no special abilities


You were on level 1 of the Dungeon.
You were not hungry.

You visited 1 branch of the dungeon, and saw 1 of its levels.

Inventory:

Hand Weapons
 c - a +0 club
 h - a +0 dagger
 i - a +0 hunting sling (weapon)
 l - a +0 club
Missiles
 e - 16 stones (quivered)
 j - 15 poisoned needles
Armour
 a - a +0 robe (worn)
 b - a +0 hat (worn)
Scrolls
 f - 2 scrolls of teleportation {unknown}
 k - a scroll of fear {unknown}
Potions
 g - a potion of degeneration {unknown}
Comestibles
 d - a ration


   Skills:
 + Level 2.6 Dodging
 + Level 2.1 Stealth
 + Level 3.3 Spellcasting
 + Level 0.7 Conjurations
   Level 1.0 Summonings
   Level 0.7 Translocations


You had 5 spell levels left.
You knew the following spells:

 Your Spells              Type           Power        Failure   Level  Hunger
a - Magic Dart            Conj           #...         13%         1    None

Your spell library contained the following spells:

 Spells                   Type           Power        Failure   Level  Hunger
 Call Imp                 Summ           #.......     17%         2    ##.....
 Blink                    Tloc           N/A          19%         2    ##.....
 Slow                     Hex            #.......     26%         2    ##.....
 Conjure Flame            Conj/Fire      #.......     41%         3    ###....
 Mephitic Cloud           Conj/Pois/Air  #.......     41%         3    ###....


Dungeon Overview and Level Annotations

Branches:
Dungeon (1/15)

Altars:


Message History

The leopard gecko misses you.
Firing (i - inventory)
e - 19 stones (quivered)
Press: ? - help, Shift-Dir - straight line, f/p - leopard gecko
Aim: a leopard gecko (heavily wounded)
You shoot a stone.
The stone closely misses the leopard gecko.
The leopard gecko closely misses you. The leopard gecko barely misses you.
Firing (i - inventory)
e - 18 stones (quivered)
Press: ? - help, Shift-Dir - straight line, f/p - leopard gecko
Aim: a leopard gecko (heavily wounded)
You shoot a stone. The stone hits the leopard gecko.
The leopard gecko is severely wounded.
The leopard gecko hisses menacingly.
The leopard gecko bites you.
* * * LOW HITPOINT WARNING * * *
Firing (i - inventory)
e - 17 stones (quivered)
Press: ? - help, Shift-Dir - straight line, f/p - leopard gecko
Aim: a leopard gecko (severely wounded)
You shoot a stone. The stone misses the leopard gecko.
The leopard gecko closely misses you. The leopard gecko bites you.
You die...

#........##'## #.......
###............###....###
♣..............##..♣P....
♣♣♣.#####......##P.♣♣♣P#.
♣.# #########.♣♣♣♣... ♣P♣#
########P.P..... ..♣
..$....##...#.## .P...
....... ###..... ♣♣♣♣P.
♣####....(.. ###...
P..♣........... #####.
..P♣(.l@....... ##.###.
♣.......##### ##...##.
...#......# #≈.<.≈#.
#####+#......# #≈...≈#.
#............## #≈...≈#.
#.............### #≈...≈#.
♣♣P♣............####≈...≈#.
.........####.....###...##.
...P♣..............#
#...#.. . ♣..
♣........#.....# #8.8#..
..♣. ♣♣.......># ....#
##.##..


You could see a leopard gecko.

Vanquished Creatures
  2 bats (D:1)
  A hobgoblin (D:1)
  A frilled lizard (D:1)
  2 kobolds (D:1)
6 creatures vanquished.

Notes
Turn   | Place    | Note
-------+----------+-------------------------------------------
     0 | D:1      | Bombe the Merfolk Wizard began the quest for the Orb.
     0 | D:1      | Reached XP level 1. HP: 13/13 MP: 4/4
   730 | D:1      | Slain by a leopard gecko

Action                   || total
-------------------------++-------
Melee: Unarmed           ||    19
 Fire: Hunting sling     ||    13
 Cast: Magic Dart        ||    16
Armor: Robe              ||     3
Dodge: Dodged            ||    11
